Map: Triton LE

Players

Obsirver - Winner!

  • Race: Protoss Protoss
  • League: Master
  • Spawn Location: 5:00

Toperoco

  • Race: Terran Terran
  • League: Master
  • Spawn Location: 11:00

VOD

Have the link to the VOD?

Description

Time

  • Played on: Feb. 1, 2020, 1:47 p.m.
  • Length: 8:18
Show
View Real Time Build Order
Export as new Build Order

Obsirver Protoss - Winner!

Build Orders:  

Get SALT Encoding   

  12  0:00  Probe  
  13  0:12  Probe  
  14  0:19  Pylon  
  14  0:25  Probe  
  15  0:37  Probe (Chrono Boost)  
  15  0:41  Pylon  
  16  0:46  Probe (Chrono Boost)  
  17  0:51  Probe (Chrono Boost)  
  18  0:59  Gateway  
  18  1:06  Assimilator  
  18  1:09  Probe  
  19  1:21  Probe  
  20  1:33  Probe  
  21  1:45  Probe, Zealot (Chrono Boost)  
  22  1:50  Cybernetics Core  
  24  1:57  Nexus  
  24  2:02  Assimilator, Probe  
  25  2:14  Probe  
  26  2:30  Stalker (Chrono Boost)  
  28  2:41  Twilight Council  
  28  2:42  Probe  
  29  2:51  Stalker  
  31  3:09  Probe  
  32  3:22  Probe x2 (Chrono Boost)  
  32  3:24  Charge (Chrono Boost)  
  34  3:32  Robotics Facility  
  34  3:34  Probe x2 (Chrono Boost)  
  34  3:35  Pylon  
  34  3:39  Pylon  
  36  3:43  Probe (Chrono Boost)  
  36  3:46  Probe (Chrono Boost)  
  38  3:48  Probe  
  37  3:57  Probe  
  38  4:12  Gateway  
  38  4:13  Gateway  
  38  4:15  Gateway, Probe  
  38  4:16  Probe  
  40  4:18  Gateway  
  40  4:21  Gateway  
  40  4:23  Gateway  
  40  4:26  Warp Gate (Chrono Boost)  
  40  4:28  Gateway, Probe x2  
  42  4:42  Warp Prism  
  44  5:01  Pylon  
  44  5:04  Zealot x3, Pylon  
  52  5:07  Zealot  
  49  5:17  Warp Prism (Chrono Boost)  
  49  5:27  Probe x2  
  51  5:39  Probe  
  52  5:50  Blink, Warp Prism (Chrono Boost)  
  54  6:13  Zealot x3  
  54  6:14  Zealot  
  62  6:48  Zealot x7  
  66  7:09  Stalker x4  
  66  7:10  Stalker x2  
  66  7:36  Zealot x6  
  64  7:48  Gateway  
  58  7:53  Pylon  
  58  7:55  Pylon  
  58  7:57  Pylon  
  52  7:59  Pylon  
  48  8:09  Stalker x3  
  48  8:10  Stalker x3  
Show
View Real Time Build Order
Export as new Build Order

Toperoco Terran 

Build Orders: Mech 

Get SALT Encoding   

  12  0:00  SCV  
  13  0:12  SCV  
  14  0:17  Supply Depot  
  14  0:25  SCV  
  14  0:28  Refinery  
  15  0:38  SCV  
  16  0:45  Barracks  
  16  0:52  SCV  
  17  1:04  SCV  
  18  1:16  SCV  
  19  1:28  SCV  
  20  1:37  Reaper  
  21  1:41  Command Center  
  21  1:46  Orbital Command  
  21  1:57  Factory  
  21  2:06  Refinery  
  21  2:13  Barracks Reactor  
  21  2:15  Supply Depot  
  21  2:18  SCV  
  21  2:30  SCV  
  22  2:38  Command Center  
  22  2:45  Starport  
  22  2:46  Widow Mine  
  22  2:47  SCV  
  22  2:49  Marine  
  26  2:51  Marine  
  27  2:59  SCV  
  27  3:01  Supply Depot  
  28  3:07  Marine  
  28  3:09  Marine  
  30  3:18  SCV  
  31  3:23  Widow Mine  
  33  3:27  Supply Depot  
  33  3:30  SCV  
  33  3:32  Medivac  
  36  3:40  Marine x2  
  38  3:57  Bunker, SCV  
  38  3:58  Marine  
  38  4:01  Widow Mine  
  42  4:08  Orbital Command  
  42  4:09  SCV  
  42  4:21  SCV  
  43  4:25  Factory  
  43  4:27  Factory  
  43  4:34  SCV  
  44  4:39  SCV  
  45  4:47  Starport Tech Lab  
  45  4:49  SCV  
  46  4:56  Command Center  
  46  4:57  SCV  
  47  5:01  Supply Depot  
  47  5:02  SCV  
  48  5:09  SCV  
  48  5:14  SCV  
  45  5:22  SCV  
  45  5:23  Marine  
  45  5:25  Factory Reactor  
  45  5:26  Factory Tech Lab, SCV  
  45  5:27  Raven, Factory Tech Lab  
  50  5:34  SCV  
  55  5:35  Hellion  
  55  5:36  Hellion  
  55  5:38  SCV  
  55  5:46  SCV  
  55  5:48  Supply Depot  
  55  5:50  SCV  
  55  5:52  Armory  
  55  5:54  Armory  
  55  5:55  Refinery  
  55  5:56  Supply Depot, Refinery  
  55  5:57  Siege Tank  
  59  5:58  SCV  
  59  6:02  SCV  
  61  6:06  Supply Depot, Siege Tank  
  64  6:12  Orbital Command  
  64  6:24  SCV  
  64  6:25  SCV  
  66  6:26  Hellion  
  66  6:27  Hellion  
  66  6:29  Siege Tank  
  73  6:37  SCV x2  
  73  6:39  Siege Tank  
  56  6:59  SCV  
  48  7:12  SCV x2  
  49  7:15  Viking  
  51  7:24  SCV x2  
  46  7:36  SCV  
  40  7:37  SCV  
  41  7:45  Viking  
  41  7:48  SCV  
  40  8:00  SCV  
Tags
 
Composition
Mech
Matchup
PvT
Spawn Locations
Cross Positions
Add a new tag
Caveats
  • Supply blocks, unpowered buildings, or Contaminate may cause inaccurate times.
  • Supply counts are checked every 10 seconds.